 Dungeon Crawl Stone Soup version 0.27.0-1-g7a089689b8 (webtiles) character file.

Game seed: 9525883928818949989

56 Malachi the Chopper (level 3, 0/33 HPs)
             Began as a Hill Orc Monk on Aug 13, 2021.
             Slain by Robin (5 damage)
             ... on level 2 of the Dungeon.
             The game lasted 00:02:08 (2391 turns).

Malachi the Chopper (Hill Orc Monk)                 Turns: 2391, Time: 00:02:08

Health: 0/33       AC:  9    Str: 14    XL:     3   Next: 97%
Magic:  3/3        EV:  6    Int: 10    God:
Gold:   61         SH:  0    Dex: 13    Spells: 2/2 levels left

rFire    . . .     SeeInvis .   e - +1 dagger (vamp)
rCold    . . .     Faith    .   (no shield)
rNeg     . . .     Spirit   .   g - +0 chain mail
rPois    .         Reflect  .   f - +0 helmet
rElec    .         Harm     .   (no cloak)
rCorr    .         Rampage  .   (no gloves)
Will     .....                  (no boots)
Stlth    ..........             (no amulet)
HPRegen  0.11/turn              (no ring)
MPRegen  0.08/turn              (no ring)

@: no status effects
A: no striking features
a: no special abilities


You were on level 2 of the Dungeon.
You visited 1 branch of the dungeon, and saw 2 of its levels.

You collected 61 gold pieces.

Inventory:

Hand Weapons
 a - a +0 hand axe
 e - a +1 vampiric dagger (weapon)
 i - a +0 hunting sling
Armour
 b - a +0 robe
 f - a +0 helmet (worn)
 g - a +0 chain mail (worn)
Scrolls
 c - 2 scrolls of fog {unknown}
 d - a scroll of immolation {unknown}
 h - a scroll of silence {unknown}
 j - 3 scrolls of magic mapping {unknown}


   Skills:
 + Level 4.1 Fighting
 + Level 1.1 Short Blades
 + Level 4.7 Axes
 + Level 0.1 Armour
 + Level 2.9 Dodging
 + Level 1.7 Stealth


You had 2 spell levels left.
You didn't know any spells.
Your spell library was empty.

Dungeon Overview and Level Annotations

Branches:
Dungeon (2/15)

Altars:
Vehumet

Annotations:
D:2 Robin


Message History

You hit the hobgoblin.
You kill the hobgoblin!
You closely miss Robin. Robin hits you but does no damage.
You barely miss Robin. Robin hits you with a +0 club.
Robin flexes a bicep menacingly.
Robin hits you with a +0 club.
You are too injured to fight recklessly!
You are too injured to fight recklessly!
You are too injured to fight recklessly!
You are too injured to fight recklessly!
You feel a sense of dread.
e - a +1 vampiric dagger (weapon)
You hit Robin.
You feel better.
Robin is lightly wounded.
A bat comes into view.
Robin hits you with a +0 club.
You hit Robin but do no damage.
Robin is lightly wounded.
Robin hits you with a +0 club.
* * * LOW HITPOINT WARNING * * *
You barely miss Robin.
Robin is lightly wounded.
Robin barely misses you.
You closely miss Robin.
Robin is lightly wounded.
Robin hits you but does no damage.
You closely miss Robin.
Robin is lightly wounded.
Robin hits you but does no damage.
You hit Robin but do no damage.
Robin is lightly wounded.
Robin hits you with a +0 club.
* * * LOW HITPOINT WARNING * * *
Your chain mail prevents you from hitting Robin.
Robin is lightly wounded.
Robin hits you but does no damage.
You hit Robin but do no damage.
Robin is lightly wounded.
Robin hits you with a +0 club.
You die...

#....##.#..#.#
#######....##.#....#
#...............#.##
#.#############.#.#
#.# #.#.## #.#
#.#..# #.# # #.##.#
###.###.##### #.....
#...)@gb..... #####.
#.#+###'##... #. #.
.. #. . ... #. .#
#.. #. #. . ## # # #
#


You could see Robin and a bat.

Vanquished Creatures
  A worm (D:2)
  2 ball pythons (D:1)
  2 bats (D:2)
  4 endoplasms
  11 goblins
  4 hobgoblins (D:2)
  3 jackals (D:1)
  6 kobolds
  5 quokkas
  A frilled lizard (D:2)
  7 rats
46 creatures vanquished.

Vanquished Creatures (others)
  A demonic plant (D:2)
  A plant (D:2)
  2 withered plants (D:2)
4 creatures vanquished.

Grand Total: 50 creatures vanquished

Notes
Turn   | Place    | Note
-------+----------+-------------------------------------------
     0 | D:1      | Malachi the Hill Orc Monk began the quest for the Orb.
     0 | D:1      | Reached XP level 1. HP: 19/19 MP: 1/1
   411 | D:1      | Reached XP level 2. HP: 22/27 MP: 2/2
  1476 | D:1      | Reached XP level 3. HP: 31/33 MP: 3/3
  1859 | D:2      | Found a faded altar of an unknown god.
  2086 | D:2      | Found a radiant altar of Vehumet.
  2363 | D:2      | Reached skill level 1 in Short Blades
  2364 | D:2      | Noticed Robin
  2391 | D:2      | Slain by Robin

Illustrated notes

Levels and vault maps discovered:
D:1:      giann_wishing_wells, layout_basic
D:2:      layout_basic, shapermc_ecumenical_altar_gd, basic_altar, serial_shops,
          shop, uniq_robin

Skill      XL: |  1  2  3 |
---------------+----------+-----
Fighting       | 4 |  4.1
Short Blades   | 1 |  1.1
Axes           | |  4.7
Armour         | |  0.1
Dodging        | |  2.9
Stealth        | |  1.7

Action                   || total
-------------------------++-------
Melee: Hand axe          ||    97
       Dagger            ||    92
 Stab: Sleeping          ||     5
Armor: Robe              ||    36
       Chain mail        ||    31
Dodge: Dodged            ||    93
